[Event "ICC tourney 3243 (30 10)"]
[Site "Internet Chess Club"]
[Date "2023.07.22"]
[Round "3"]
[White "Tanenbaum, Zachary:MasterZachary"]
[Black "Hernandez-Visbal, Arthur:thechessgod22"]
[Result "0-1"]
[ICCResult "White resigns"]
[WhiteElo "2362"]
[BlackElo "1659"]
[Opening "Caro-Kann: exchange, Rubinstein variation"]
[ECO "B13"]
[NIC "CK.02"]
[Time "16:00:21"]
[PlyCount "136"]
[TimeControl "1800+10"]

1. e4 c6 2. d4 d5 3. exd5 cxd5 4. Bd3 Nc6 5. c3 Nf6 6. Bf4 g6 7. Nf3 Bg7 8.
O-O Bf5 9. Bxf5 gxf5 10. Ne5 e6 11. Nxc6 bxc6 12. Nd2 O-O 13. Nb3 Ne4 14.
Re1 Re8 15. Qh5 a5 16. Re3 a4 17. Nc5 Nxc5 18. dxc5 e5 19. Rae1 f6 20. Qxf5
Rb8 21. R1e2 Re7 22. Bg3 Qe8 23. Qg4 Reb7 24. f4 f5 25. Qxf5 e4 26. Qg4 Rxb2
27. h3 Rxe2 28. Qxe2 Qc8 29. Qh5 Qe6 30. f5 Rb1+ 31. Kh2 Qf7 32. Qg4 Rf1 33.
Bf4 h5 34. Qg5 Qf6 35. Qg3 Qxf5 36. Bh6 Qf6 37. Qb8+ Qf8 38. Qxf8+ Kxf8 39.
Bxg7+ Kxg7 40. Kg3 Kf6 41. Kh4 Ke5 42. Kxh5 Kf4 43. Re2 e3 44. g4 Kf3 45.
Rb2 e2 46. Rxe2 Kxe2 47. g5 Kd2 48. h4 Kxc3 49. Kg6 d4 50. h5 d3 51. h6 d2
52. h7 Rh1 53. Kg7 d1=Q 54. g6 Qd4+ 55. Kf7 Qd7+ 56. Kg8 Qe6+ 57. Kg7 Qe7+
58. Kg8 Qxc5 59. g7 Rxh7 60. Kxh7 Qh5+ 61. Kg8 c5 62. a3 c4 63. Kf8 Qf5+ 64.
Ke7 Qh7 65. Kf8 Kb3 66. Kf7 c3 67. Kf8 Qxg7+ 68. Kxg7 c2 {White resigns} 0-1

[Event "ICC tourney 3243 (30 10)"]
[Site "Internet Chess Club"]
[Date "2023.07.22"]
[Round "3"]
[White "LIANG, YU-CHENG:Yucheng"]
[Black "IVANOV, ALEXANDER:marble"]
[Result "1/2-1/2"]
[ICCResult "Game drawn by repetition"]
[WhiteElo "2199"]
[BlackElo "2486"]
[Opening "Modern defense"]
[ECO "A40"]
[NIC "QO.17"]
[Time "16:00:11"]
[PlyCount "95"]
[TimeControl "1800+10"]

1. d4 g6 2. c4 Bg7 3. e4 c5 4. d5 d6 5. Bd3 e5 6. Nc3 Nf6 7. Nge2 O-O 8. Ng3
h5 9. O-O h4 10. Nge2 Nh5 11. Be3 Nd7 12. Qd2 a6 13. a4 f5 14. Bg5 Bf6 15.
Bxf6 Qxf6 16. exf5 gxf5 17. f3 Rf7 18. Kh1 Rg7 19. Nd1 Qg6 20. Rg1 Ndf6 21.
g4 hxg3 22. Nxg3 Nxg3+ 23. Rxg3 Qh5 24. Rxg7+ Kxg7 25. Qg2+ Kf7 26. Ne3 Bd7
27. Rg1 Rg8 28. Qf2 Rxg1+ 29. Kxg1 f4 30. Ng2 Bxa4 31. Nh4 Qg5+ 32. Kf1 Bd7
33. Ng2 Bh3 34. Kg1 b6 35. Bf1 Qg6 36. Qh4 Bxg2 37. Bxg2 Qb1+ 38. Bf1 Qxb2
39. Qh3 Qd4+ 40. Kh1 Qd1 41. Kg1 Qd4+ 42. Kh1 Qf2 43. Qe6+ Kg7 44. Qe7+ Kg8
45. Qe6+ Kg7 46. Qe7+ Kg8 47. Qe6+ Kg7 48. Qe7+ {Game drawn by repetition}
1/2-1/2

[Event "ICC tourney 3243 (30 10)"]
[Site "Internet Chess Club"]
[Date "2023.07.22"]
[Round "4"]
[White "IVANOV, ALEXANDER:marble"]
[Black "RAMESH, RAHUL:rockinroll"]
[Result "1-0"]
[ICCResult "Black resigns"]
[WhiteElo "2486"]
[BlackElo "2008"]
[Opening "French: Rubinstein variation"]
[ECO "C03"]
[NIC "FR.07"]
[Time "18:00:12"]
[PlyCount "39"]
[TimeControl "1800+10"]

1. e4 e6 2. d4 d5 3. Nd2 dxe4 4. Nxe4 Nd7 5. Bd3 Ngf6 6. Qe2 Be7 7. Nxf6+
Nxf6 8. Nf3 O-O 9. Bg5 h6 10. Bd2 Bd7 11. Ne5 c5 12. dxc5 Bxc5 13. O-O-O Qe7
14. g4 Bc6 15. Rhg1 Nh7 16. g5 hxg5 17. Bxh7+ Kxh7 18. Bxg5 Qc7 19. Qh5+ Kg8
20. Bf6 {Black resigns} 1-0

[Event "ICC tourney 3243 (30 10)"]
[Site "Internet Chess Club"]
[Date "2023.07.22"]
[Round "4"]
[White "Hernandez-Visbal, Arthur:thechessgod22"]
[Black "SANTOS LATASA, JAIME:jsl1996"]
[Result "0-1"]
[ICCResult "White resigns"]
[WhiteElo "1659"]
[BlackElo "2706"]
[Opening "Queen's pawn: London system"]
[ECO "A45"]
[NIC "QP.07"]
[Time "18:00:13"]
[PlyCount "60"]
[TimeControl "1800+10"]

1. d4 Nf6 2. Bf4 e6 3. e3 c5 4. c3 Nc6 5. Nd2 d5 6. Ngf3 Be7 7. Bd3 Nh5 8.
Bg3 g6 9. O-O Nxg3 10. hxg3 O-O 11. Re1 Qc7 12. Rc1 c4 13. Bc2 b5 14. e4 Rd8
15. e5 b4 16. Nf1 Kg7 17. Qd2 Rb8 18. N1h2 h5 19. g4 Rh8 20. Qf4 Bd7 21. Ng5
Rbf8 22. Nhf3 Qa5 23. gxh5 Rxh5 24. g4 Rhh8 25. Kg2 Qxa2 26. Rh1 Be8 27.
Rxh8 Rxh8 28. Rh1 Rxh1 29. Kxh1 Qxb2 30. Qd2 b3 {White resigns} 0-1

[Event "ICC tourney 3243 (30 10)"]
[Site "Internet Chess Club"]
[Date "2023.07.22"]
[Round "4"]
[White "PLUM, MARC:Slivovitz"]
[Black "Tanenbaum, Zachary:MasterZachary"]
[Result "0-1"]
[ICCResult "White resigns"]
[WhiteElo "2100"]
[BlackElo "2362"]
[Opening "Réti: King's Indian attack (Barcza system)"]
[ECO "A07"]
[NIC "QP.09"]
[Time "18:00:13"]
[PlyCount "58"]
[TimeControl "1800+10"]

1. Nf3 d5 2. g3 c6 3. Bg2 Bg4 4. h3 Bh5 5. d3 Nd7 6. Nbd2 e5 7. e4 Ngf6 8.
Qe2 dxe4 9. Nxe4 Be7 10. O-O O-O 11. Be3 Nd5 12. Bd2 f5 13. Nc3 Nb4 14. Rac1
Bd6 15. Qe1 Qf6 16. Nh2 Qf7 17. g4 Bg6 18. gxf5 Bxf5 19. Nb5 Nxc2 20. Nxd6
Nxe1 21. Nxf7 Nxg2 22. Nxe5 Nxe5 23. Kxg2 Nxd3 24. Rc4 b5 25. Rd4 Nxb2 26.
Be3 Nc4 27. a4 Nxe3+ 28. fxe3 Rae8 29. axb5 cxb5 {White resigns} 0-1

[Event "ICC tourney 3243 (30 10)"]
[Site "Internet Chess Club"]
[Date "2023.07.22"]
[Round "4"]
[White "WANG, JACOB S:jacobchess858"]
[Black "VALE CRUZ, ARMIN:trucker"]
[Result "0-1"]
[ICCResult "White resigns"]
[WhiteElo "1926"]
[BlackElo "1777"]
[Opening "Queen's gambit declined"]
[ECO "D30"]
[NIC "QP.08"]
[Time "18:00:18"]
[PlyCount "82"]
[TimeControl "1800+10"]

1. d4 d5 2. c4 e6 3. Nf3 c5 4. g3 Nc6 5. dxc5 Bxc5 6. Bg2 Nf6 7. O-O h6 8.
cxd5 exd5 9. b3 O-O 10. Bb2 d4 11. Nbd2 Bf5 12. Rc1 Bb6 13. Nc4 Re8 14. Nxb6
axb6 15. Nxd4 Nxd4 16. Bxd4 Rxa2 17. Bxb7 Rexe2 18. Be3 Qe7 19. Bf3 Rxe3 20.
fxe3 Qxe3+ 21. Kh1 Be4 22. Bxe4 Nxe4 23. Rc2 Nxg3+ 24. hxg3 Qe4+ 25. Qf3
Qxf3+ 26. Rxf3 Rxc2 27. Rd3 Rb2 28. Kg1 g6 29. Rc3 Kg7 30. Kf1 h5 31. Ke1 g5
32. Kf1 Kg6 33. Rc6+ Kf5 34. Rxb6 Kg4 35. Rb5 f5 36. Ke1 h4 37. gxh4 gxh4
38. Rb4+ f4 39. Rb8 h3 40. Rg8+ Kf3 41. Rh8 h2 {White resigns} 0-1

[Event "ICC tourney 3243 (30 10)"]
[Site "Internet Chess Club"]
[Date "2023.07.22"]
[Round "4"]
[White "MARKOVIC, GORAN:Goran21"]
[Black "Ledas, Armandas:ArmandasLedas"]
[Result "1-0"]
[ICCResult "Black checkmated"]
[WhiteElo "2049"]
[BlackElo "1695"]
[Opening "Sicilian: Nimzovich-Rossolimo attack (with ...g6, without ...d6)"]
[ECO "B31"]
[NIC "SI.31"]
[Time "18:00:10"]
[PlyCount "193"]
[TimeControl "1800+10"]

1. e4 c5 2. Nf3 Nc6 3. Bb5 g6 4. O-O Bg7 5. Bxc6 dxc6 6. Re1 Nf6 7. h3 Nd7
8. e5 Nf8 9. Nc3 Ne6 10. Ne4 h6 11. d3 b6 12. a4 a5 13. b3 Ba6 14. Qd2 Qd7
15. Bb2 O-O-O 16. Rab1 Rhg8 17. Bc3 g5 18. Ng3 Nf4 19. Ba1 Bh8 20. Qe3 Qe6
21. Red1 Nd5 22. Qe4 g4 23. hxg4 Rxg4 24. Qf5 Nb4 25. Rd2 Kc7 26. Re1 Bc8
27. Qh5 Nd5 28. Ne2 Rdg8 29. g3 Nf4 30. Nxf4 Rxf4 31. Re4 Rf5 32. Qh1 Rxf3
33. Qxf3 c4 34. dxc4 c5 35. Rd5 Bb7 36. Rf4 f6 37. Rf5 fxe5 38. Qe4 Rg5 39.
Rxg5 hxg5 40. Bxe5+ Kc8 41. f4 gxf4 42. gxf4 Bxd5 43. cxd5 Qg4+ 44. Kf2 Bxe5
45. Qxe5 Qh4+ 46. Ke2 Qg4+ 47. Kd3 Qd1+ 48. Kc3 Qa1+ 49. Kd2 Qh1 50. Qe6+
Kd8 51. Qxb6+ Ke8 52. Qc6+ Kf8 53. Qc8+ Kf7 54. Qxc5 Qg2+ 55. Kc3 Qf3+ 56.
Kb2 Qxf4 57. Qxa5 Qd4+ 58. Ka2 Qd1 59. Qc3 e5 60. dxe6+ Kxe6 61. a5 Qd6 62.
Qc4+ Kf5 63. a6 Qb6 64. Qd5+ Kf4 65. Qb7 Qa5+ 66. Kb2 Qe5+ 67. c3 Qe2+ 68.
Ka3 Qe1 69. Qc7+ Kf3 70. a7 Qa1+ 71. Kb4 Qa6 72. Qf7+ Kg3 73. Qg8+ Kf2 74.
a8=Q Qb6+ 75. Ka3 Qd6+ 76. b4 Ke3 77. Qge8+ Kf2 78. Qf8+ Qxf8 79. Qxf8+ Ke3
80. Qd8 Ke4 81. b5 Ke5 82. b6 Ke4 83. c4 Ke5 84. c5 Ke4 85. c6 Ke5 86. c7
Ke4 87. c8=Q Ke3 88. b7 Ke2 89. b8=Q Ke1 90. Qcc7 Ke2 91. Qbb6 Ke1 92. Qbd6
Ke2 93. Qce7+ Kf1 94. Qdf6+ Kg2 95. Qdf8 Kg3 96. Qeg7+ Kh3 97. Qfh8#
{Black checkmated}
1-0

[Event "ICC tourney 3243 (30 10)"]
[Site "Internet Chess Club"]
[Date "2023.07.22"]
[Round "4"]
[White "LOCHAM, DIVJOT SINGH:winner08"]
[Black "LIANG, YU-CHENG:Yucheng"]
[Result "0-1"]
[ICCResult "White checkmated"]
[WhiteElo "1868"]
[BlackElo "2199"]
[Opening "Caro-Kann: classical variation"]
[ECO "B18"]
[NIC "CK.10"]
[Time "18:00:21"]
[PlyCount "114"]
[TimeControl "1800+10"]

1. e4 c6 2. d4 d5 3. Nc3 dxe4 4. Nxe4 Bf5 5. Ng3 Bg6 6. N1e2 Nf6 7. Nf4 e5
8. Nxg6 hxg6 9. dxe5 Qa5+ 10. Bd2 Qxe5+ 11. Be2 Bc5 12. O-O Nbd7 13. Bc4
O-O-O 14. Qf3 Qd4 15. Qc3 Ne5 16. Be2 Neg4 17. Qxd4 Bxd4 18. Bg5 Nxh2 19.
Rad1 Nxf1 20. Kxf1 Bxb2 21. Rxd8+ Rxd8 22. Bc4 Rd7 23. Ke2 Be5 24. Nf1 Ne4
25. Be3 b5 26. Bb3 a5 27. c4 a4 28. Bc2 Nc3+ 29. Kf3 Nxa2 30. cxb5 cxb5 31.
Nd2 Nb4 32. Be4 Rxd2 33. Bxd2 a3 34. Bb1 a2 35. Bxa2 Nxa2 36. Ke4 b4 37.
Bxb4 Nxb4 38. Kxe5 Kd7 39. Kd4 Ke6 40. Ke4 g5 41. Kf3 f5 42. Ke3 g4 43. Kf4
Kf6 44. Ke3 Ke5 45. g3 g5 46. Ke2 Ke4 47. Kf1 Kf3 48. Kg1 Nd3 49. Kf1 Nxf2
50. Kg1 Ne4 51. Kh2 Nxg3 52. Kg1 Ne2+ 53. Kh1 f4 54. Kh2 g3+ 55. Kh1 g2+ 56.
Kh2 g1=Q+ 57. Kh3 Qh1# {White checkmated} 0-1

[Event "ICC tourney 3243 (30 10)"]
[Site "Internet Chess Club"]
[Date "2023.07.22"]
[Round "5"]
[White "Tanenbaum, Zachary:MasterZachary"]
[Black "MARKOVIC, GORAN:Goran21"]
[Result "1-0"]
[ICCResult "Black resigns"]
[WhiteElo "2362"]
[BlackElo "2049"]
[Opening "Giuoco Piano: close variation"]
[ECO "C53"]
[NIC "IG.02"]
[Time "20:00:19"]
[PlyCount "81"]
[TimeControl "1800+10"]

1. e4 e5 2. Nf3 Nc6 3. Bc4 Bc5 4. c3 Qe7 5. O-O Nf6 6. d4 Bb6 7. Re1 d6 8.
b4 a6 9. a4 h6 10. Ba3 Bg4 11. b5 axb5 12. axb5 Na5 13. dxe5 Nxc4 14. exf6
Qxf6 15. e5 Nxe5 16. Bxd6 Rd8 17. Bxe5 Rxd1 18. Bxf6+ Rxe1+ 19. Nxe1 O-O 20.
Bh4 g5 21. Bg3 Re8 22. Nd2 h5 23. Nef3 h4 24. Be5 Bxf3 25. Nxf3 g4 26. Bxc7
Bxc7 27. Nxh4 Re5 28. g3 Rxb5 29. Ra4 f5 30. Rb4 Rc5 31. Rxb7 Ba5 32. c4 f4
33. Rb5 Rxb5 34. cxb5 fxg3 35. hxg3 Kf7 36. Nf5 Kf6 37. Ne3 Kg5 38. Nd5 Kf5
39. b6 Ke6 40. b7 Bc7 41. Nxc7+ {Black resigns} 1-0

[Event "ICC tourney 3243 (30 10)"]
[Site "Internet Chess Club"]
[Date "2023.07.22"]
[Round "5"]
[White "Aimdilokwong, Alec Daniel:Alec-hine"]
[Black "Hernandez-Visbal, Arthur:thechessgod22"]
[Result "0-1"]
[ICCResult "White checkmated"]
[WhiteElo "1980"]
[BlackElo "1659"]
[Opening "Trompowsky attack (Ruth, Opocenský opening)"]
[ECO "A45"]
[NIC "QP.07"]
[Time "20:00:04"]
[PlyCount "96"]
[TimeControl "1800+10"]

1. d4 Nf6 2. Bg5 d5 3. Bxf6 gxf6 4. e3 Bg7 5. c4 c6 6. Nc3 O-O 7. Bd3 dxc4
8. Bxc4 c5 9. dxc5 Qa5 10. Nf3 Qxc5 11. Qe2 Bg4 12. Rc1 Nc6 13. h3 Bxf3 14.
gxf3 Ne5 15. Bb3 Rfd8 16. O-O Rd2 17. Qb5 Nxf3+ 18. Kg2 Qxe3 19. Qh5 Ne5 20.
Rce1 Rxf2+ 21. Rxf2 Qxe1 22. Re2 Qc1 23. Nd5 e6 24. Ne3 Ng6 25. Kh2 Nf4 26.
Qf3 Nxe2 27. Qxe2 Qc7+ 28. Kg2 Rd8 29. Ng4 f5 30. Nf2 Qc6+ 31. Kh2 Qd6+ 32.
Kg2 Qd2 33. Qf3 Kh8 34. Bc4 Rg8 35. Bf1 Bd4+ 36. Kh1 Qxf2 37. Qxf2 Bxf2 38.
Bg2 f4 39. Bf3 Rg3 40. Bxb7 f5 41. b4 e5 42. a4 e4 43. a5 e3 44. Ba6 f3 45.
Bd3 e2 46. Bxe2 fxe2 47. Kh2 e1=Q 48. h4 Qg1# {White checkmated} 0-1

[Event "ICC tourney 3243 (30 10)"]
[Site "Internet Chess Club"]
[Date "2023.07.22"]
[Round "5"]
[White "RAMESH, RAHUL:rockinroll"]
[Black "LOCHAM, DIVJOT SINGH:winner08"]
[Result "0-1"]
[ICCResult "White resigns"]
[WhiteElo "2008"]
[BlackElo "1868"]
[Opening "King's Indian: East Indian defense"]
[ECO "A48"]
[NIC "QP.06"]
[Time "20:00:03"]
[PlyCount "54"]
[TimeControl "1800+10"]

1. d4 Nf6 2. Nf3 g6 3. Nc3 d5 4. Bf4 Bg7 5. Nb5 Na6 6. h3 c6 7. Nc3 Qa5 8.
Nd2 O-O 9. e3 Qb6 10. Nb3 Re8 11. Be5 Nb8 12. Be2 Nbd7 13. Bxf6 Bxf6 14. O-O
e5 15. Re1 Qc7 16. Na4 b6 17. Rc1 exd4 18. exd4 Bg5 19. Ra1 Nf6 20. Nc3 Qf4
21. Qd3 Bf5 22. Qd1 Bh4 23. Rf1 Qh6 24. Bd3 Ne4 25. Ne2 a5 26. a4 Rac8 27.
c3 Nxf2 {White resigns} 0-1

[Event "ICC tourney 3243 (30 10)"]
[Site "Internet Chess Club"]
[Date "2023.07.22"]
[Round "5"]
[White "Mitrabha, Guha:babysnake"]
[Black "LIANG, YU-CHENG:Yucheng"]
[Result "1-0"]
[ICCResult "Black resigns"]
[WhiteElo "2565"]
[BlackElo "2199"]
[Opening "Nimzo-Indian: 4.e3 c5"]
[ECO "E41"]
[NIC "NI.15"]
[Time "20:01:02"]
[PlyCount "57"]
[TimeControl "1800+10"]

1. d4 Nf6 2. c4 e6 3. Nc3 Bb4 4. e3 c5 5. Bd2 cxd4 6. exd4 d5 7. Nf3 O-O 8.
cxd5 Nxd5 9. Bd3 Nc6 10. O-O Be7 11. Qe2 Bf6 12. Rad1 g6 13. Bh6 Bg7 14.
Bxg7 Kxg7 15. Bc4 Nce7 16. Rfe1 b6 17. Qe5+ Kg8 18. Ng5 Bb7 19. Nge4 Nc6 20.
Qg3 Na5 21. Bxd5 Bxd5 22. Nxd5 exd5 23. Nc3 Nc6 24. Qf3 Qd6 25. Nxd5 Rad8
26. Nf6+ Kg7 27. Ne4 Qd5 28. Qf6+ Kg8 29. Qh4 {Black resigns} 1-0

[Event "ICC tourney 3243 (30 10)"]
[Site "Internet Chess Club"]
[Date "2023.07.22"]
[Round "5"]
[White "WANG, JACOB S:jacobchess858"]
[Black "PLUM, MARC:Slivovitz"]
[Result "1/2-1/2"]
[ICCResult "Game drawn by mutual agreement"]
[WhiteElo "1926"]
[BlackElo "2100"]
[Opening "Benkö gambit accepted"]
[ECO "A58"]
[NIC "BI.42"]
[Time "20:00:09"]
[PlyCount "83"]
[TimeControl "1800+10"]

1. d4 Nf6 2. c4 c5 3. d5 b5 4. cxb5 a6 5. bxa6 Bxa6 6. g3 g6 7. Bg2 d6 8.
Nf3 Bg7 9. O-O O-O 10. Nc3 Nbd7 11. Re1 Qb6 12. e4 Ng4 13. h3 Nge5 14. Bf1
Rfb8 15. Bxa6 Qxa6 16. Nxe5 Nxe5 17. Kg2 Nd3 18. Re2 Nxb2 19. Bxb2 Rxb2 20.
Rxb2 Bxc3 21. Qb3 Bxb2 22. Qxb2 Qa4 23. f3 f6 24. g4 Qb4 25. Rb1 Qc4 26. a3
Qa4 27. Qb7 Qxa3 28. Rb3 Qa7 29. Qxa7 Rxa7 30. h4 h6 31. Kg3 Kg7 32. Kf4 g5+
33. Kg3 Rc7 34. h5 Kf7 35. Kf2 e6 36. Ke3 exd5 37. exd5 f5 38. Rb6 c4 39.
Kd2 c3+ 40. Kc2 fxg4 41. fxg4 Ke7 42. Rb4 {Game drawn by mutual agreement}
1/2-1/2

[Event "ICC tourney 3243 (30 10)"]
[Site "Internet Chess Club"]
[Date "2023.07.22"]
[Round "5"]
[White "SRIPADA, ANISHA:waterycargo"]
[Black "Ledas, Armandas:ArmandasLedas"]
[Result "0-1"]
[ICCResult "White checkmated"]
[WhiteElo "1387"]
[BlackElo "1695"]
[Opening "Queen's pawn: London system"]
[ECO "A45"]
[NIC "QP.07"]
[Time "20:00:33"]
[PlyCount "128"]
[TimeControl "1800+10"]

1. d4 Nf6 2. Bf4 g6 3. e3 Bg7 4. Nf3 d6 5. c4 Nh5 6. Bg5 h6 7. Bh4 g5 8.
Nfd2 Nf4 9. Bg3 Ng6 10. Nc3 c5 11. d5 Nd7 12. h3 Qa5 13. Qc2 a6 14. Nf3 Nde5
15. Nxe5 Nxe5 16. Bd3 Rb8 17. Rd1 b5 18. cxb5 axb5 19. O-O Nxd3 20. Rxd3 b4
21. Ne4 Bf5 22. Rd2 O-O 23. Qc4 Bxe4 24. Qxe4 b3 25. Rd3 Rb4 26. Qxe7 bxa2
27. Ra3 Ra4 28. Rxa4 Qxa4 29. Ra1 Bxb2 30. Bxd6 Ra8 31. Re1 a1=Q 32. Rxa1
Qxa1+ 33. Kh2 f6 34. Qe6+ Kh8 35. Qf5 Be5+ 36. g3 Bxd6 37. Qg6 Bf8 38. d6
Ra2 39. Kg2 Qb2 40. Qf5 Qxf2+ 41. Qxf2 Rxf2+ 42. Kxf2 Bxd6 43. g4 Kg7 44.
Ke2 Kg6 45. Kd3 h5 46. e4 hxg4 47. hxg4 Kf7 48. Ke3 Ke6 49. Kd3 Ke5 50. Ke3
c4 51. Kd2 Kxe4 52. Kc3 Kf4 53. Kxc4 Kxg4 54. Kd3 f5 55. Ke2 f4 56. Kf2 Bc5+
57. Kg2 f3+ 58. Kh2 Kf4 59. Kh1 g4 60. Kh2 g3+ 61. Kh3 g2 62. Kh4 g1=Q 63.
Kh5 Qg7 64. Kh4 Qh6# {White checkmated} 0-1

[Event "ICC tourney 3243 (30 10)"]
[Site "Internet Chess Club"]
[Date "2023.07.22"]
[Round "5"]
[White "SANTOS LATASA, JAIME:jsl1996"]
[Black "IVANOV, ALEXANDER:marble"]
[Result "1/2-1/2"]
[ICCResult "Game drawn by repetition"]
[WhiteElo "2706"]
[BlackElo "2486"]
[Opening "Ruy Lopez: Exchange variation doubly deferred (DERLD)"]
[ECO "C85"]
[NIC "RL.14"]
[Time "20:00:07"]
[PlyCount "89"]
[TimeControl "1800+10"]

1. e4 e5 2. Nf3 Nc6 3. Bb5 a6 4. Ba4 Nf6 5. O-O Be7 6. Bxc6 dxc6 7. Re1 Nd7
8. d4 exd4 9. Qxd4 O-O 10. Bf4 Nc5 11. Qe3 Ne6 12. Bg3 b6 13. Nc3 Bc5 14.
Qe2 a5 15. Rad1 Qe8 16. e5 Ba6 17. Qe4 Bb4 18. Nh4 Bxc3 19. bxc3 Rd8 20. f4
Rxd1 21. Rxd1 Nc5 22. Qf3 f5 23. Bf2 Ne6 24. Be3 Bc4 25. g4 Bd5 26. Qh3 g6
27. gxf5 gxf5 28. Kf2 Qh5 29. Rg1+ Kh8 30. Qg3 Qf7 31. a3 Be4 32. Nf3 Rg8
33. Qh4 Bxf3 34. Rxg8+ Kxg8 35. Kxf3 Kf8 36. Ke2 Ke8 37. Qh3 Kd7 38. Qh4 Qg6
39. Kf2 Ng7 40. h3 Ne6 41. Kf1 Ng7 42. Kf2 Ne6 43. Kf1 Ng7 44. Kf2 Ne6 45.
Kf1 {Game drawn by repetition} 1/2-1/2